Map: Abyssal Reef LE

Players

eXile - Winner!

  • Race: Zerg Zerg
  • League: Platinum
  • Spawn Location: 5:00

QUECOSA

  • Race: Terran Terran
  • League: Gold
  • Spawn Location: 11:00

VOD

Have the link to the VOD?

Description

Time

  • Played on: May 28, 2017, 5:45 p.m.
  • Length: 16:15
Show
View Real Time Build Order
Export as new Build Order

eXile Zerg - Winner!

Build Orders: Hatch First, Swarm Host 

Get SALT Encoding   

  12  0:01  Drone  
  13  0:13  Overlord  
  13  0:18  Drone  
  14  0:32  Drone  
  14  0:33  Drone  
  16  0:39  Drone  
  17  1:09  Hatchery  
  17  1:11  Extractor  
  15  1:12  Drone  
  15  1:14  Drone  
  17  1:19  Spawning Pool  
  16  1:33  Drone x2  
  16  1:35  Drone  
  19  1:50  Overlord  
  19  2:06  Zergling x4  
  21  2:14  Queen, Metabolic Boost  
  23  2:20  Queen  
  23  2:22  Drone x2  
  27  2:34  Zergling x2  
  27  2:35  Zergling x2  
  29  2:47  Drone  
  29  2:49  Drone  
  31  3:03  Drone x3  
  34  3:06  Hatchery  
  33  3:22  Roach Warren  
  33  3:23  Pneumatized Carapace  
  32  3:44  Drone x4  
  32  3:46  Overlord x2  
  34  3:58  Drone x2  
  36  4:06  Drone x2  
  36  4:07  Zergling x2, Drone  
  36  4:08  Zergling x6  
  43  4:14  Roach x3  
  49  4:23  Drone x3  
  52  4:27  Lair  
  52  4:28  Extractor  
  51  4:31  Evolution Chamber  
  51  4:33  Evolution Chamber, Drone  
  50  4:39  Drone x3  
  50  4:44  Spine Crawler  
  52  4:53  Spore Crawler  
  52  4:57  Spore Crawler  
  51  5:12  Roach x3  
  57  5:14  Zerg Missile Weapons Level 1  
  57  5:36  Drone  
  57  5:37  Overlord x2  
  57  5:38  Overlord x3  
  57  5:41  Zerg Ground Armor Level 1  
  58  5:49  Extractor  
  57  5:51  Extractor  
  57  5:53  Drone x2  
  57  5:54  Extractor  
  57  5:55  Extractor  
  57  5:57  Drone x6  
  57  5:58  Drone x4  
  66  6:05  Drone x3  
  69  6:19  Drone x4  
  69  6:20  Drone x2  
  69  6:23  Queen  
  77  6:26  Queen  
  77  6:27  Queen  
  77  6:30  Overlord  
  81  6:39  Infestation Pit  
  80  6:56  Glial Reconstitution  
  80  7:04  Hatchery  
  80  7:05  Queen  
  80  7:07  Queen  
  85  7:15  Drone x5  
  88  7:16  Drone x8  
  88  7:17  Drone x4  
  102  7:27  Zerg Missile Weapons Level 2  
  100  7:37  Overlord  
  100  7:38  Overlord x3  
  100  7:45  Hive  
  100  7:56  Roach x7  
  100  7:57  Roach x5  
  124  7:58  Overseer x2  
  124  8:07  Pathogen Glands  
  124  8:21  Spire  
  124  8:23  Spire  
  117  8:47  Spine Crawler  
  116  8:49  Spine Crawler  
  115  9:04  Swarm Host x3  
  115  9:05  Swarm Host x6  
  115  9:07  Overlord x2  
  115  9:08  Overlord x3  
  142  9:29  Overlord x3  
  142  9:40  Swarm Host x2  
  142  9:41  Swarm Host x8  
  142  9:42  Swarm Host  
  175  10:07  Greater Spire  
  175  10:08  Zerg Ground Armor Level 2, Zerg Missile Weapons Level 3  
  175  10:21  Extractor  
  174  10:23  Extractor  
  174  10:24  Overseer  
  174  10:25  Overseer  
  174  10:26  Roach x7  
  174  10:27  Roach x4  
  186  11:56  Corruptor x2  
  186  11:57  Corruptor x7  
  186  11:58  Corruptor x2  
  179  12:26  Corruptor x2  
  179  12:28  Overlord x3  
  179  12:29  Overlord x2  
  183  13:01  Brood Lord x4  
  183  13:02  Brood Lord x2  
  183  13:04  Brood Lord  
  183  13:05  Brood Lord  
  199  13:06  Overlord  
  199  13:07  Overlord x5  
  182  15:01  Corruptor x4  
  182  15:02  Corruptor x3  
  182  15:05  Zergling x8  
Show
View Real Time Build Order
Export as new Build Order

QUECOSA Terran 

Build Orders: Mech 

Get SALT Encoding   

  12  0:01  SCV  
  13  0:13  SCV  
  14  0:18  Supply Depot  
  14  0:25  SCV  
  15  0:40  SCV  
  16  0:43  Barracks  
  16  0:52  SCV  
  17  0:59  Engineering Bay  
  17  1:04  SCV  
  17  1:08  Supply Depot  
  18  1:16  SCV  
  19  1:30  Marine  
  19  1:31  Orbital Command  
  20  1:48  Marine  
  21  2:03  Refinery  
  21  2:04  Command Center, SCV  
  21  2:06  Marine  
  23  2:12  Refinery  
  23  2:16  SCV  
  24  2:32  SCV  
  25  2:44  SCV  
  25  2:50  Marine  
  27  2:56  SCV  
  28  3:08  Marine, SCV  
  30  3:17  Orbital Command, Factory  
  30  3:23  Command Center  
  30  3:31  SCV  
  31  3:35  Barracks Reactor  
  31  3:40  Supply Depot  
  31  3:41  Supply Depot  
  31  3:44  SCV  
  32  4:03  Orbital Command  
  32  4:04  Bunker  
  32  4:06  Supply Depot, SCV  
  33  4:11  Factory  
  33  4:19  SCV  
  33  4:22  Engineering Bay  
  34  4:34  Supply Depot  
  34  4:36  Supply Depot  
  35  4:38  SCV x2  
  35  4:43  Orbital Command  
  36  4:49  Hellion  
  36  4:50  SCV x2  
  36  4:51  Hellion  
  42  4:55  Factory Tech Lab  
  42  4:57  Supply Depot, Factory  
  42  4:59  Barracks Tech Lab  
  42  5:01  Factory  
  42  5:07  SCV x2  
  42  5:13  Missile Turret  
  44  5:19  SCV x2  
  44  5:20  SCV  
  47  5:23  Missile Turret  
  47  5:31  SCV x2  
  47  5:33  SCV  
  50  5:36  Hellion  
  52  5:43  SCV x2  
  52  5:45  SCV  
  55  5:54  Refinery x3  
  55  5:55  SCV  
  56  5:59  Refinery  
  56  6:01  Factory Tech Lab  
  56  6:04  Factory Tech Lab  
  56  6:05  Orbital Command  
  56  6:16  SCV x2  
  58  6:22  Siege Tank x3  
  58  6:23  Missile Turret  
  58  6:24  Hellion x2  
  71  6:28  SCV x2  
  71  6:32  SCV  
  74  6:40  SCV  
  74  6:41  SCV  
  74  6:44  SCV  
  74  6:45  Hellion x2  
  74  6:46  Starport  
  81  6:52  SCV  
  81  6:53  SCV  
  81  6:54  Siege Tank x3  
  86  6:56  SCV  
  93  7:02  Supply Depot  
  93  7:04  Supply Depot x3, SCV  
  93  7:05  SCV  
  93  7:07  Supply Depot  
  95  7:08  SCV  
  96  7:16  SCV  
  96  7:18  SCV  
  96  7:20  SCV  
  99  7:26  Siege Tank  
  99  7:28  SCV  
  103  7:30  SCV  
  103  7:33  SCV  
  105  7:40  SCV  
  105  7:41  Command Center  
  105  7:42  Command Center  
  106  7:56  Starport Reactor  
  106  8:00  Missile Turret  
  106  8:02  Missile Turret  
  106  8:06  Hi-Sec Auto Tracking  
  106  8:12  Armory  
  106  8:13  Armory  
  106  8:19  Missile Turret  
  106  8:24  Refinery  
  106  8:26  Refinery  
  104  8:36  Missile Turret  
  104  8:51  Medivac x2  
  104  8:55  Planetary Fortress  
  108  8:57  Missile Turret  
  108  8:58  SCV x3  
  111  9:07  Missile Turret  
  111  9:09  Supply Depot  
  111  9:10  Supply Depot x2, SCV x2  
  111  9:11  Supply Depot  
  111  9:13  Missile Turret  
  113  9:21  Medivac x2, Supply Depot  
  117  9:24  Supply Depot  
  117  9:26  Supply Depot  
  117  9:36  Thor x3  
  135  9:40  Supply Depot, Terran Vehicle Weapons Level 1, Terran Vehicle And Ship Armor Level 1  
  135  9:42  Supply Depot, SCV x3  
  138  9:47  Supply Depot  
  138  9:48  Supply Depot  
  138  9:51  Medivac x2  
  142  9:53  Hellion x2  
  146  10:01  Planetary Fortress  
  146  10:09  Refinery  
  146  10:11  Missile Turret  
  146  10:13  Refinery  
  146  10:14  Hellion  
  146  10:15  Missile Turret  
  146  10:18  Missile Turret  
  146  10:19  Thor  
  146  10:21  Medivac, Viking  
  158  10:24  Missile Turret, Thor  
  158  10:25  Thor  
  170  10:31  Hellion  
  172  10:36  Hellion  
  174  10:49  Starport  
  174  10:51  Viking x2  
  174  10:52  Hellion  
  180  11:01  Thor  
  186  11:16  Hellion x6  
  186  11:17  Hellion x2  
  177  11:29  Hellion  
  177  11:30  Hellion  
  176  11:51  Hellion x2  
  180  11:59  Command Center  
  180  12:01  Hellion x3  
  127  12:11  Medivac x2  
  127  12:12  Hellion x2  
  110  12:18  Terran Vehicle And Ship Armor Level 2, Terran Vehicle Weapons Level 2  
  110  12:22  Hellion x3  
  116  12:34  Hellion x2  
  120  12:40  Medivac  
  120  12:41  Medivac  
  120  12:43  Hellion  
  130  12:44  Hellion x2  
  130  12:55  Hellion x2  
  130  12:57  Starport Tech Lab  
  121  13:05  Hellion x3  
  125  13:10  Medivac  
  125  13:11  Medivac  
  127  13:14  Command Center  
  127  13:16  Hellion  
  125  13:26  Hellion  
  125  13:27  Hellion x2  
  126  13:40  Medivac  
  126  13:41  Medivac  
  115  14:10  Viking x2  
  115  14:13  Hellion x5  
  115  14:14  Viking  
  114  14:24  Ghost Academy  
  102  14:34  Hellion x2  
  102  14:35  Refinery, Hellion x3  
  108  14:40  Viking x2  
  108  14:44  Viking  
  114  14:48  Infernal Pre-Igniter  
  114  14:50  Refinery  
  114  14:55  Hellion  
  114  14:56  Hellion x4  
  113  15:10  Viking x2  
  105  15:14  Viking  
  105  15:17  Hellion x5  
  101  15:38  Hellion  
  101  15:39  Hellion x2  
  101  15:40  Viking x2  
  105  15:44  Viking  
Tags
 
Add a new tag
Caveats
  • Supply blocks, unpowered buildings, or Contaminate may cause inaccurate times.
  • Supply counts are checked every 10 seconds.